 Dungeon Crawl Stone Soup version 0.30.1-11-g7821555f0a (webtiles) character file.

Game seed: 14159182957013967646

116 Kallu the Digger (level 4, -2/25 HPs)
             Began as a Vampire Earth Elementalist on Jan 14, 2024.
             Slain by Ijyb
             ... wielding a +0 club
              (5 damage)
             ... on level 3 of the Dungeon.
             The game lasted 00:05:04 (2376 turns).

Kallu the Digger (Vampire Earth Elementalist)       Turns: 2376, Time: 00:05:05

Health: -2/25      AC:  3    Str:  7    XL:     4   Next: 69%
Magic:  4/8        EV:  9    Int: 19    God:
Gold:   148        SH:  0    Dex: 14    Spells: 3/9 levels left

rFire   . . .        a - +1 short sword (venom)
rCold   + + .        (no shield)
rNeg    + + +        r - +0 robe
rPois   ∞            (no helmet)
rElec   .            o - +0 cloak
rCorr   .            (no gloves)
SInv    +            (no boots)
Will    .....        (no amulet)
Stlth   ++++         (no ring)
HPRegen 0.00/turn    (no ring)
MPRegen 0.11/turn

%: no passive effects
@: grasped by roots, bloodless, inhibited regen, constricted
A: bloodless, fangs 3, see invisible, vampiric 2
a: Bat Form, Revivify


You were on level 3 of the Dungeon.
You visited 1 branch of the dungeon, and saw 3 of its levels.

You collected 148 gold pieces.

Inventory:

Hand Weapons
 a - a +1 short sword of venom (weapon)
 b - a +0 sling
Missiles
 l - 13 poisoned darts
Armour
 o - a +0 cloak (worn)
 r - a +0 robe (worn)
Wands
 q - a wand of roots (3)
Scrolls
 c - 6 scrolls of identify {unknown}
 g - 2 scrolls of magic mapping {unknown}
 j - 2 scrolls of teleportation {unknown}
 n - a scroll of vulnerability {unknown}
 p - a scroll of silence {unknown}
 s - a scroll of noise {unknown}
Potions
 d - 4 potions of curing {unknown}
 e - a potion of ambrosia {unknown}
 f - a potion of lignification {unknown}
 h - 2 potions of magic
 i - a potion of haste {unknown}
 k - 3 potions of flight {unknown}
 m - a potion of mutation {unknown}


   Skills:
 - Level 1.0 Fighting
 - Level 2.1 Dodging
 - Level 3.0 Stealth
 - Level 3.0 Spellcasting
 - Level 1.1 Transmutations
 + Level 4.7 Earth Magic


You had 3 spell levels left.
You knew the following spells:

 Your Spells              Type           Power      Damage    Failure   Level
a - Sandblast             Erth           40%        2d10      2%          1
b - Stone Arrow           Conj/Erth      22%        3d8       17%         3
A - Passwall              Tmut/Erth      10%        N/A       7%          2

Your spell library contained the following spells:

 Spells                   Type           Power      Damage    Failure   Level
 Beastly Appendage        Tmut           14%        N/A       10%         1
 Wereblood                Tmut           7%         N/A       14%         2
 Spider Form              Tmut/Pois      4%         N/A       36%         3
 Petrify                  Tmut/Erth      13%        N/A       43%         4


Dungeon Overview and Level Annotations

Branches:
Dungeon (3/15)

Altars:
Hepliaklqana

Annotations:
D:3 Ijyb, Sigmund


Innate Abilities, Weirdness & Mutations

You do not regenerate when monsters are visible.
You are frail without blood (-20% HP).
You can heal yourself when you bite living creatures.
You are immune to poison.
You have razor-sharp teeth.
You have supernaturally acute eyesight. (SInv)
You are afflicted with vampirism and can become a bat while bloodless.


Message History

Aiming: Sandblast (safe; 2% risk of failure)
Press: ? - help, Shift-Dir - straight line, f - Ijyb
Aim: Ijyb, wielding a +0 club, wearing a +0 chain mail and carrying a wand of roots (7) (83% to hit)
The blast of sand hits Ijyb.
Ijyb is moderately wounded.
The grasping roots constrict you. Ijyb barely misses you.
The grasping roots constrict you.
Casting: Sandblast (safe; 2% risk of failure)
Confirm with . or Enter, or press ? or * to list all spells.
Aiming: Sandblast (safe; 2% risk of failure)
Press: ? - help, Shift-Dir - straight line, f/p - Ijyb
Aim: Ijyb, wielding a +0 club, wearing a +0 chain mail and carrying a wand of roots (7) (moderately wounded, 83% to hit)
The blast of sand misses Ijyb.
Ijyb hits you but does no damage. The grasping roots constrict you.
The grasping roots release their grip on you.
Casting: Sandblast (safe; 2% risk of failure)
Confirm with . or Enter, or press ? or * to list all spells.
Aiming: Sandblast (safe; 2% risk of failure)
Press: ? - help, Shift-Dir - straight line, f/p - Ijyb
Aim: Ijyb, wielding a +0 club, wearing a +0 chain mail and carrying a wand of roots (7) (moderately wounded, 83% to hit)
The blast of sand misses Ijyb.
Ijyb barely misses you. x2
Unknown command.
Casting: Sandblast (safe; 2% risk of failure)
Confirm with . or Enter, or press ? or * to list all spells.
Aiming: Sandblast (safe; 2% risk of failure)
Press: ? - help, Shift-Dir - straight line, f/p - Ijyb
Aim: Ijyb, wielding a +0 club, wearing a +0 chain mail and carrying a wand of roots (7) (moderately wounded, 83% to hit)
The blast of sand hits Ijyb but does no damage.
Ijyb is moderately wounded.
Ijyb zaps a wand.
The roots erupt in riotous growth!
The grasping roots grab you!
Ijyb is unaffected.
The grasping roots constrict you.
* * * LOW HITPOINT WARNING * * *
Aiming: Fastroot
Press: ? - help, Shift-Dir - straight line, f/p - Ijyb
Aim: Ijyb, wielding a +0 club, wearing a +0 chain mail and carrying a wand of roots (6) (moderately wounded)
The roots erupt in riotous growth!
Roots grab Ijyb.
The grasping roots constrict Ijyb.
Ijyb hits you with a +0 club.
You die...

...............# #.#
#.####.#.###..#### #############
..# ##.## #..##.. .........†.).
#.# ### #..##.. ...#....####.
#.##########..##.# ...#....# ##
#..............#.###..##....#####
>..#########).##!.....###.......(
#.###### #..##g....# #...#....
#.##...#####..##@..# #...#....
#.##.#.......###.#### ##..##...
..##.#######.# #....#### #..####.
####.# #...#.......####...... #.#
#.#...........###..... #.#
#.###..........####... #.#### #.#
#.###.####..# #### #..).# #.# #.#
#...##..## # ####.# #.# #.#
#....#...# ##


You could see Ijyb (rooted).

Vanquished Creatures
  Terence (D:3)
  2 adders (D:2)
  A dart slug (D:1)
  An orc (D:3)
  8 endoplasms
  4 giant cockroaches
  6 goblins
  8 hobgoblins
  3 jackals (D:3)
  3 quokkas
  4 ball pythons (D:1)
  3 bats
  5 frilled lizards
  9 kobolds
  4 rats
62 creatures vanquished.

Notes
Turn   | Place    | Note
-------+----------+-------------------------------------------
     0 | D:1      | Kallu the Vampire Earth Elementalist began the quest for
                  | the Orb.
     0 | D:1      | Reached XP level 1. HP: 13/13 MP: 3/3
   121 | D:1      | Reached XP level 2. HP: 5/19 MP: 0/5
   595 | D:1      | Gained mutation: You are afflicted with vampirism and can
                  | become a bat while bloodless. [Vampire growth]
   595 | D:1      | Reached XP level 3. HP: 25/25 MP: 5/7
   597 | D:1      | Reached skill level 1 in Fighting
  1379 | D:2      | Learned a level 2 spell: Passwall
  1383 | D:2      | Learned a level 3 spell: Stone Arrow
  1944 | D:3      | Noticed Sigmund
  1976 | D:3      | Reached skill level 4 in Earth Magic
  1982 | D:3      | Reached XP level 4. HP: 32/32 MP: 8/8
  1996 | D:3      | Found a hazy altar of Hepliaklqana.
  2020 | D:3      | Noticed Terence
  2026 | D:3      | Killed Terence
  2361 | D:3      | Noticed Ijyb
  2376 | D:3      | Slain by Ijyb

Illustrated notes

Levels and vault maps discovered:
D:1:      evilmike_arrival_hilbert_curve, layout_basic, minmay_curled_crystal,
          corexii_corridor_pit, dreamdust_princess_bridge,
          chequers_serial_rivers_small_a, corexii_leaking_fountain
D:2:      cheibrodos_helix_gallery, layout_loops_ring
D:3:      minmay_recursive_quarters, layout_loops_ring, marbit_many_paths,
          uniq_terence, uniq_ijyb, uniq_sigmund

Skill      XL: |  1  2  3 |
---------------+----------+-----
Spellcasting   | 3 |  3.0
Fighting       | 1 |  1.0
Earth Magic    | 4 |  4.7
Dodging        | |  2.1
Stealth        | |  3.0
Transmutations | |  1.1

Action                     |  1- 3 |  4- 6 || total
---------------------------+-------+-------++-------
  Melee: Unarmed           |    29 |       ||    29
         Bite              |     1 |       ||     1
   Fire: Sling             |    40 |    37 ||    77
   Cast: Sandblast         |    40 |    22 ||    62
Ability: Exsanguinate      |       |     1 ||     1
  Evoke: Wand              |       |     1 ||     1
 Armour: Robe              |    10 |     8 ||    18
  Dodge: Dodged            |    42 |    25 ||    67
